AoeStats
← miguelon01

Arabia

510228111Analyzed
4v4 RM · 2d ago on Sep 30, 2026· 56m 26s· 8 players
Game mode
Random Map
Map size
Large (8 player)
Population
200
Speed
Normal
Resources
Standard
Victory
Conquest
Starting age
Dark Age
Ending age
Imperial Age
RankedLock teamsTeams togetherTeam positionsShared explorationLock speedFull tech treeHidden civsTurbo modeCheats
Victory
Defeat
🇲🇽 Goths · Mexico
1201
+14
🇺🇸 Saxons · United States
1164
+16
🇺🇸 Italians · United States
1114
+18
🇨🇳 Maya · China
1102
+18
🇲🇽 Varangians · Mexico
1202
-18
🇺🇸 Malians · United States
1151
-16
🇧🇷 Huns · Brazil
1143
-16
🇮🇹 Franks · Italy
1138
-16
Alarich1000
3:47 Loom
11:13 Feudal Age
11:47 Double-Bit Axe
11:42 Horse Collar
17:33 Scale Barding Armor
18:31 Forging
19:37 Wheelbarrow
23:20 Castle Age
22:09 Bloodlines
24:20 Heavy Plow
24:25 Husbandry
24:45 Bow Saw
24:36 Gold Mining
26:13 Chain Barding Armor
27:07 Iron Casting
26:40 Stone Mining
27:42 Fletching
29:08 Hand Cart
35:03 Imperial Age
34:14 Town Watch
36:09 Town Patrol
36:59 Crop Rotation
36:56 Conscription
37:13 Farimba
36:49 Cavalier
39:06 Man-at-Arms
39:07 Pikeman
39:48 Squires
39:34 Arson
40:09 Scale Mail Armor
40:03 Long Swordsman
42:12 Chain Mail Armor
42:44 Two-Handed Swordsman
44:10 Champion
45:59 Plate Mail Armor
48:46 Gold Shaft Mining
48:46 Stone Shaft Mining
Rata Preñadora
6:57 Loom
9:26 Feudal Age
11:13 Bloodlines
15:07 Double-Bit Axe
18:40 Wheelbarrow
22:24 Castle Age
20:28 Horse Collar
22:28 Light Cavalry
23:21 Town Watch
24:33 Bow Saw
27:49 Heavy Plow
28:07 Hand Cart
31:28 Gold Mining
31:29 Stone Mining
32:49 Caravan
34:03 Stone Shaft Mining
36:12 Imperial Age
36:49 Town Patrol
36:26 Vendel Legacy
37:30 Conscription
38:16 Scale Mail Armor
38:24 Scale Barding Armor
38:30 Forging
38:23 Scale Mail Armor
39:15 Crop Rotation
39:16 Cavalier
39:58 Husbandry
40:23 Chain Barding Armor
40:39 Iron Casting
42:11 Plate Barding Armor
42:47 Two-Man Saw
44:56 Ballistics
45:36 Chemistry
45:40 Blast Furnace
44:31 Fletching
46:47 Bodkin Arrow
Tikka Masala
6:34 Loom
9:28 Feudal Age
12:53 Double-Bit Axe
20:41 Castle Age
18:35 Gold Mining
19:17 Scale Barding Armor
20:54 Fletching
21:31 Bodkin Arrow
21:30 Elite Skirmisher
25:31 Chain Barding Armor
29:24 Husbandry
31:04 Crossbowman
32:46 Padded Archer Armor
35:47 Wheelbarrow
40:30 Hand Cart
43:30 Imperial Age
44:14 Cavalier
miguelon01
7:08 Loom
11:33 Feudal Age
14:30 Bloodlines
27:01 Castle Age
26:09 Double-Bit Axe
30:06 Horse Collar
30:55 Fletching
31:47 Elite Skirmisher
36:37 Forging
46:49 Wheelbarrow
49:28 Stone Mining
Kryptonknight
5:57 Loom
8:53 Feudal Age
10:24 Double-Bit Axe
10:21 Horse Collar
17:03 Fletching
23:35 Castle Age
26:02 Bow Saw
26:07 Heavy Plow
27:28 Squires
27:45 Scale Mail Armor
29:08 Chain Mail Armor
31:23 Bodkin Arrow
34:03 Forging
41:17 Wheelbarrow
41:58 Iron Casting
41:34 Town Watch
41:51 Padded Archer Armor
42:53 Hand Cart
46:07 Imperial Age
44:07 Gold Mining
44:07 Stone Mining
44:34 Leather Archer Armor
46:45 Gold Shaft Mining
47:13 Coinage
48:08 Plate Mail Armor
48:40 Two-Man Saw
48:11 Crop Rotation
47:10 Elite Varangian Guard
47:13 Elite Hearth Troop
48:17 Conscription
47:20 Shield Wall
47:27 Capped Ram
48:37 Pikeman
49:27 Bracer
50:14 Ballistics
50:57 Chemistry
49:44 Arrowslits
49:39 Siege Ram
Salty
12:35 Feudal Age
17:14 Castle Age
16:21 Gold Mining
16:18 Double-Bit Axe
18:34 Wheelbarrow
17:45 Town Watch
18:02 Fletching
18:56 Padded Archer Armor
19:41 Ballistics
27:36 Imperial Age
26:24 Leather Archer Armor
28:43 Elite Genoese Crossbowman
32:09 Conscription
32:58 Chemistry
32:25 Bodkin Arrow
33:39 Ring Archer Armor
39:42 Bow Saw
EssLaBoa
0:35 Loom
11:51 Feudal Age
15:57 Castle Age
14:16 Double-Bit Axe
16:44 Wheelbarrow
22:17 Horse Collar
23:37 Bow Saw
24:04 Forging
24:38 Fervor
25:38 Pikeman
27:34 Gold Mining
28:08 Stone Mining
29:06 Iron Casting
30:12 Squires
29:33 Man-at-Arms
32:22 Stone Shaft Mining
32:46 Hand Cart
32:16 Town Watch
32:33 Heavy Plow
32:23 Long Swordsman
36:15 Imperial Age
33:50 Fletching
35:11 Scale Mail Armor
36:09 Anarchy
36:37 Chain Mail Armor
36:21 Halberdier
37:03 Two-Handed Swordsman
45:14 Blast Furnace
wujiang
0:27 Loom
9:56 Feudal Age
10:02 Man-at-Arms
13:30 Double-Bit Axe
17:59 Town Watch
21:00 Padded Archer Armor
Connection lost

Rejoining the realm…

Still unreachable

The connection could not be restored.

Session expired

The server has moved on; the page needs a fresh start.